AoeStats
← talaria

Black Forest

509793260Analyzed
4v4 RM · 4d ago on Sep 28, 2026· 50m 58s· 8 players
Game mode
Random Map
Map size
Large (8 player)
Population
200
Speed
Normal
Resources
Standard
Victory
Conquest
Starting age
Dark Age
Ending age
Imperial Age
RankedLock teamsTeams togetherTeam positionsShared explorationLock speedFull tech treeHidden civsTurbo modeCheats
Victory
Defeat
🇨🇦 Burgundians · Canada
1407
+11
🇦🇺 Italians · Australia
1233
+18
🇵🇰 Lithuanians · Pakistan
1221
+18
🇺🇸 Persians · United States
1199
+18
🇷🇺 Varangians · Russia
1315
-18
🇺🇸 Portuguese · United States
1274
-16
🇺🇸 Bengalis · United States
1259
-16
🇨🇳 Danes · China
1235
-15
Bensun
10:20 Feudal Age
14:15 Castle Age
13:03 Double-Bit Axe
12:59 Horse Collar
15:38 Bow Saw
15:35 Heavy Plow
17:06 Loom
20:52 Wheelbarrow
20:07 Town Watch
21:28 Gold Mining
25:45 Hand Cart
28:01 Imperial Age
26:20 Gold Shaft Mining
25:36 Stone Mining
26:08 Scale Barding Armor
26:30 Forging
27:36 Chain Barding Armor
27:09 Fishing Lines
28:05 Caravan
28:47 Bloodlines
28:47 Elite Battle Elephant
29:28 Husbandry
30:10 Plate Barding Armor
30:12 Iron Casting
30:07 Gillnets
32:41 Blast Furnace
32:13 Crop Rotation
32:45 Two-Man Saw
32:07 Conscription
32:29 Paiks
33:24 Town Patrol
35:47 Mahayana
36:17 Coinage
37:43 Siege Engineers
38:40 Chemistry
37:52 Masonry
39:43 Devotion
talaria
0:27 Loom
11:29 Feudal Age
17:06 Castle Age
16:02 Double-Bit Axe
18:09 Horse Collar
19:46 Fishing Lines
24:08 Masonry
26:00 Wheelbarrow
25:10 Town Watch
27:27 Gillnets
31:45 Imperial Age
29:14 Fletching
30:22 Town Patrol
30:39 Hand Cart
31:13 Bodkin Arrow
31:44 Ballistics
32:52 Conscription
31:55 Crossbowman
32:41 Thumb Ring
32:38 Padded Archer Armor
32:54 Heavy Plow
35:04 Chemistry
35:49 Bracer
36:05 Leather Archer Armor
36:10 Arbalester
44:05 Ring Archer Armor
44:15 Elite Skirmisher
45:58 Pikeman
47:45 Gold Mining
47:45 Stone Mining
48:26 Crop Rotation
48:08 Bow Saw
lLuxo
8:54 Loom
11:12 Feudal Age
14:58 Castle Age
13:54 Forging
13:45 Scale Mail Armor
13:50 Double-Bit Axe
14:05 Horse Collar
15:57 Heavy Plow
27:03 Bow Saw
29:45 Squires
30:18 Gold Mining
30:18 Stone Mining
32:32 Iron Casting
33:00 Fortified Wall
33:54 Wheelbarrow
37:05 Imperial Age
34:45 Arson
36:05 Chain Mail Armor
35:56 Scale Barding Armor
37:39 Gothikon
38:41 Conscription
39:24 Plate Mail Armor
38:52 Elite Varangian Guard
40:37 Blast Furnace
44:19 Caravan
44:45 Pikeman
45:23 Halberdier
Ryuuko
10:57 Feudal Age
14:32 Castle Age
13:02 Double-Bit Axe
13:28 Horse Collar
15:43 Bow Saw
19:01 Fishing Lines
23:53 Wheelbarrow
24:52 Heavy Plow
25:32 Gold Mining
25:50 Scale Mail Armor
29:04 Imperial Age
26:35 Fletching
27:46 Chain Mail Armor
27:49 Hand Cart
27:20 Loom
28:23 Forging
28:31 Squires
28:17 Arson
28:18 Gambesons
29:39 Iron Casting
29:32 Stone Mining
30:19 Gold Shaft Mining
30:27 Conscription
29:33 Elite Jomsviking
29:56 Pikeman
31:19 Plate Mail Armor
31:49 Blast Furnace
31:08 Siege Engineers
30:42 Halberdier
31:20 Bodkin Arrow
31:46 Gillnets
32:37 Stone Shaft Mining
31:35 Northmen's Fury
33:29 Chemistry
33:37 Bracer
33:51 Masonry
33:10 Onager
34:49 Padded Archer Armor
35:39 Caravan
35:11 Siege Onager
35:20 Cranequins
36:08 Thumb Ring
39:11 Ballistics
38:34 Heavy Mounted Crossbowman
40:18 Arrowslits
40:29 Murder Holes
44:33 Hoardings
47:47 Leather Archer Armor
48:47 Bloodlines
48:38 Husbandry
50:45 Elite Skirmisher
Siawo
5:12 Loom
11:42 Feudal Age
13:23 Double-Bit Axe
13:30 Double-Bit Axe
13:45 Fishing Lines
17:16 Castle Age
17:22 Scale Barding Armor
17:27 Forging
18:15 Gold Mining
18:46 Bow Saw
18:37 Gillnets
23:47 Wheelbarrow
27:45 Hand Cart
32:09 Imperial Age
30:38 Chain Barding Armor
30:53 Iron Casting
30:05 Horse Collar
30:20 Stone Mining
31:06 Gold Shaft Mining
31:11 Husbandry
31:21 Bloodlines
31:20 Town Watch
31:58 Cavalier
33:26 Plate Barding Armor
34:20 Blast Furnace
34:29 Chemistry
35:07 Conscription
34:59 Savar
46:17 Light Cavalry
47:05 Hussar
Umair
6:12 Loom
10:37 Feudal Age
14:56 Castle Age
12:48 Double-Bit Axe
13:28 Horse Collar
16:38 Bow Saw
16:30 Heavy Plow
22:47 Wheelbarrow
24:06 Gold Mining
24:37 Hand Cart
29:55 Imperial Age
28:44 Bloodlines
28:34 Husbandry
29:04 Forging
28:59 Scale Barding Armor
31:15 Iron Casting
31:00 Chain Barding Armor
31:01 Guilds
30:21 Cavalier
32:58 Crop Rotation
33:29 Two-Man Saw
32:08 Paladin
33:25 Plate Barding Armor
34:01 Treadmill Crane
35:25 Chemistry
36:56 Fletching
38:27 Bodkin Arrow
37:55 Pikeman
38:35 Squires
38:20 Arson
47:38 Bracer
47:03 Light Cavalry
Ismail
1:11 Loom
7:17 Double-Bit Axe
13:07 Feudal Age
11:58 Fishing Lines
17:29 Castle Age
16:43 Gold Mining
17:22 Bow Saw
16:55 Horse Collar
17:21 Gillnets
21:11 Fletching
23:53 Horse Collar
24:39 Heavy Plow
24:56 Crossbowman
26:00 Bodkin Arrow
29:36 Two-Man Saw
31:46 Burgundian Vineyards
34:35 Imperial Age
33:39 Padded Archer Armor
33:54 Burgundian Vineyards
35:06 Leather Archer Armor
36:20 Chemistry
35:32 Masonry
35:25 Bracer
37:58 Wheelbarrow
37:13 Town Watch
41:09 Burgundian Vineyards
41:57 Conscription
45:12 Hand Cart
44:57 Town Patrol
47:36 Caravan
51:45 Coinage
aurangzaib.zahoor
0:30 Loom
12:28 Feudal Age
12:56 Double-Bit Axe
14:15 Horse Collar
17:05 Castle Age
16:05 Fishing Lines
16:51 Stone Mining
16:54 Gold Mining
18:20 Bow Saw
22:00 Gillnets
26:07 Wheelbarrow
28:09 Heavy Plow
28:11 Fletching
32:10 Imperial Age
29:46 Padded Archer Armor
30:19 Bodkin Arrow
30:38 Town Watch
31:15 Leather Archer Armor
31:37 Hand Cart
31:46 Ballistics
31:33 Murder Holes
31:54 Fortified Wall
32:16 Silk Road
32:28 Murder Holes
33:59 Chemistry
33:02 Bracer
33:33 Ring Archer Armor
33:13 Thumb Ring
34:16 Ring Archer Armor
34:29 Caravan
35:41 Conscription
34:54 Elite Genoese Crossbowman
38:26 Coinage
38:51 Murder Holes
42:57 Banking
42:38 Guilds
42:45 Masonry
43:32 Hoardings
44:23 Architecture
48:13 Treadmill Crane
Connection lost

Rejoining the realm…

Still unreachable

The connection could not be restored.

Session expired

The server has moved on; the page needs a fresh start.